 Dungeon Crawl Stone Soup version 0.30-a0-6-g7c9e10e132 (webtiles) character file.

Game seed: 8098536079814202130

88 timneilson the Covered (level 4, -2/29 HPs)
             Began as a Gargoyle Fighter on Aug 23, 2022.
             Was an Initiate of Okawaru.
             Slain by a gnoll
             ... wielding a +0 club
             ... led by a gnoll bouda
              (5 damage)
             ... on level 3 of the Dungeon.
             The game lasted 00:03:53 (2829 turns).

timneilson the Covered (Gargoyle Fighter)           Turns: 2829, Time: 00:03:54

Health: -2/29      AC: 11    Str: 21    XL:     4   Next: 53%
Magic:  4/4        EV:  9    Int:  9    God:    Okawaru [......]
Gold:   100        SH:  5    Dex:  9    Spells: 3/3 levels left

rFire   . . .      SeeInvis .    a - +0 long sword
rCold   . . .      Faith    .    c - +1 buckler
rNeg    + . .      Spirit   .    b - +0 scale mail
rPois   ∞          Reflect  .    (no helmet)
rElec   +          Harm     .    (no cloak)
rCorr   .          Rampage  .    g - +0 pair of gloves
Will    +....                    (no boots)
Stlth   ..........               (no amulet)
HPRegen 0.09/turn                e - ring of willpower
MPRegen 0.09/turn                h - +4 ring of slaying

@: no status effects
A: sickness immunity, AC +3, negative energy resistance 1, electricity
resistance, torment resistance 1, petrification resistance
a: Renounce Religion


You were on level 3 of the Dungeon.
You worshipped Okawaru.
Okawaru was noncommittal.
You visited 1 branch of the dungeon, and saw 4 of its levels.

You collected 100 gold pieces.

Inventory:

Hand Weapons
 a - a +0 long sword (weapon)
Armour
 b - a +0 scale mail (worn)
 c - a +1 buckler (worn)
 g - a +0 pair of gloves (worn)
Jewellery
 e - a ring of willpower (left hand)
 h - a +4 ring of slaying (right hand)
 k - a ring of ice
Scrolls
 f - a scroll of fear
 i - 2 scrolls of teleportation
 o - a scroll of blinking
Potions
 d - a potion of might
 l - a potion of lignification
 m - a potion of ambrosia {unknown}
 n - 2 potions of curing {unknown}
 q - 2 potions of magic {unknown}
 r - a potion of invisibility {unknown}


   Skills:
 + Level 3.7 Fighting
 * Level 2.5 Long Blades
 * Level 4.0 Armour
 + Level 0.8 Dodging
 * Level 4.0 Shields


You had 3 spell levels left.
You didn't know any spells.
Your spell library contained the following spells:

 Spells                   Type           Power      Damage    Failure   Level
 Necrotise                Necr           0%         1d4       80%         1
 Ozocubu's Armour         Ice            0%         N/A       99%         3
 Vampiric Draining        Necr           0%         2d6       99%         3
 Agony                    Necr           0%         N/A       100%        5
 Metabolic Englaciation   Hex/Ice        0%         N/A       100%        5
 Simulacrum               Ice/Necr       Unusable   N/A       N/A         6

Dungeon Overview and Level Annotations

Branches:
Dungeon (4/15)
 Temple: D:4-7

Altars:
Okawaru
Trog


Innate Abilities, Weirdness & Mutations

You are immune to sickness and miasma.
Your stone body is resilient. (AC +3)
You are immune to poison.
You resist negative energy. (rN+)
You are resistant to electric shocks. (rElec)
You are resistant to unholy torment.
You are immune to petrification.


Message History

You hit the gnoll.
The gnoll is lightly wounded.
The gnoll barely misses you. You block the gnoll's attack.
The gnoll bouda barks out a call to the hunt!
The gnoll completely misses you.
You slash the gnoll!
The gnoll is almost dead.
You block the gnoll's attack.
The gnoll hits you from afar with a +0 spear.
The gnoll hits you with a +0 halberd.
You slash the gnoll!
You kill the gnoll!
Okawaru accepts your kill.
The gnoll hits you from afar with a +0 spear!
You block the gnoll bouda's attack.
Your Armour skill increases to level 4!
Your Shields skill increases to level 4!
A gnoll comes into view. It is wielding a +0 club.
The gnoll shouts!
You hear a shout!
The gnoll bouda hits you but does no damage.
Unknown command. 2 gnolls come into view.
The gnoll shouts!
You hear a shout!
You block the gnoll bouda's attack.
The gnoll hits you from afar with a +0 spear.
The gnoll hits you but does no damage.
The gnoll moves out of view.
There is a stone staircase leading up here.
The gnoll bouda barks out a call to the hunt!
The gnoll picks up the pace!
The gnoll hits you from afar with a +0 spear.
You block the gnoll's attack.
You climb upwards.
There is a stone staircase leading down, spattered with blood here.
You see here 2 potions of degeneration.
The gnoll bouda hits you with a +0 club!
* * * LOW HITPOINT WARNING * * *
The gnoll bouda attacks as you move away!
The gnoll bouda hits you but does no damage.
The gnoll attacks as you move away! The gnoll hits you with a +0 club.
You die...

#.############.#......# # #
#...)...# #.#......# #
#######..####.######.#......# #
......#..# #........#......# #
#####.#..# #..#######......# #
..# #.#..# #.............### #
#.# #.#### #...#######...#######
..###.# #..>#######...##.....
......#######..g@.....#...##.###.
#...........>.#g#####.#......#...
..#.<...........# #...######.##
###.############# ###....# #.#. #
#.#####....##### #..#.###.#. #
#.##...........# #..#...#.#. #
#.##.##....###.######..#####.#. #
#.##.##....###......#........#. #
#....####...#######.#......#.#.


You could see a gnoll bouda and a gnoll (swift).

Vanquished Creatures
  A gnoll (D:4)
  3 adders (D:3)
  2 endoplasms (D:2)
  4 giant cockroaches
  4 goblins
  5 hobgoblins
  3 jackals (D:2)
  A quokka (D:1)
  5 ball pythons
  6 bats
  2 frilled lizards
  6 kobolds
  5 rats
47 creatures vanquished.

Notes
Turn   | Place    | Note
-------+----------+-------------------------------------------
     0 | D:1      | timneilson the Gargoyle Fighter began the quest for the
                  | Orb.
     0 | D:1      | Reached XP level 1. HP: 14/14 MP: 1/1
   436 | D:1      | Reached XP level 2. HP: 18/19 MP: 2/2
   803 | D:1      | Found a faded altar of an unknown god.
  1280 | D:2      | Reached XP level 3. HP: 18/23 MP: 3/3
  1933 | D:3      | Found an iron altar of Okawaru.
  1939 | D:3      | Became a worshipper of Warmaster Okawaru
  2145 | D:3      | Found a bloodstained altar of Trog.
  2379 | D:3      | Reached XP level 4. HP: 28/28 MP: 4/4
  2829 | D:3      | Slain by a gnoll

Illustrated notes

Levels and vault maps discovered:
D:1:      tarquinn_simple_flora_water_d, layout_rooms,
          ebering_ecumenical_altar_hall, minmay_close_crescents
D:2:      layout_basic
D:3:      layout_basic, lemuel_round_altar, mainiacjoe_overflow_alcove_4,
          amcnicky_mini_corridor_feature, bh_walls_and_bars
D:4:      layout_gridville, nicolae_overflow_hidden_temple, minmay_misc_feat_iff

Skill      XL: |  1  2  3  4 |
---------------+-------------+-----
Long Blades    | 2 |  2.5
Armour         | 4 |  4.0
Shields        | 4 |  4.0
Fighting       | |  3.7
Dodging        | |  0.8

Action                   |  1- 3 |  4- 6 || total
-------------------------+-------+-------++-------
Melee: Long sword        |   166 |    28 ||   194
  Use: Scroll            |     9 |     1 ||    10
Armor: Scale mail        |   102 |    20 ||   122
Dodge: Dodged            |    98 |     8 ||   106
Block: Buckler           |    37 |    14 ||    51

Table legend: (Time is in decaauts)
 A = Elapsed time spent in this place.
 B = Non-inter-level travel time spent in this place.
 C = Inter-level travel time spent in this place.
 D = Time resting spent in this place.
 E = Time spent auto-exploring this place.
 F = Levels seen in this place.
 G = Mean time per level.
                   A        B        C        D        E       F      G
               +--------+--------+--------+--------+--------+-----+--------+
         Total |   2892 |   2797 |     95 |     24 |   2260 |   4 |  723.0 |
       Dungeon |   2892 |   2797 |     95 |     24 |   2260 |   4 |  723.0 |
               +--------+--------+--------+--------+--------+-----+--------+

Top non-repeatable levels by time:
     D:3: 1038 daAuts
     D:1: 1007 daAuts
     D:2: 831 daAuts
     D:4: 15 daAuts
